| TOP OF THE 1ST |
|
Ohio State University Buckeyes batting - Pitching for University of Illinois Fighting Illini : RHP Sergei Stefanov
|
|
Pitching: RHP Sergei Stefanov
|
|
|
Batting: RHB Hikaru Nakata
|
0-0: Called Strike 0-1: Swinging Strike 0-2: Strikes out swinging
|
|
Batting: RHB Aaron Burnet
|
0-0: Ground out 3-1 (Groundball, 34S, EV 84.4 MPH)
|
|
Batting: SHB Ken Griffey IV
|
0-0: Swinging Strike 0-1: Ball 1-1: Swinging Strike 1-2: Ball 2-2: Foul Ball, location: 2F 2-2: Ball 3-2: Base on Balls
|
|
Batting: LHB Ben Roth
|
0-0: Called Strike Ken Griffey IV is caught stealing 2nd base 2-6
|
| Top of the 1st over - 0 runs, 0 hits, 0 errors, 0 left on base; Ohio State University 0 - University of Illinois 0 |
| BOTTOM OF THE 1ST |
|
University of Illinois Fighting Illini batting - Pitching for Ohio State University Buckeyes : RHP Mike Stabb
|
|
Pitching: RHP Mike Stabb
|
|
|
Batting: LHB Javy Rueda
|
0-0: Swinging Strike 0-1: Foul Ball, location: 2F 0-2: Strikes out swinging
|
|
Batting: LHB Sergei Stefanov
|
0-0: Foul Ball, location: 2F 0-1: Swinging Strike 0-2: Ball 1-2: Foul Ball, location: 2F 1-2: Strikes out looking
|
|
Batting: LHB Bill Kovac
|
0-0: Ball 1-0: Swinging Strike 1-1: Ball 2-1: Ball 3-1: Called Strike 3-2: Strikes out swinging
|
| Bottom of the 1st over - 0 runs, 0 hits, 0 errors, 0 left on base; Ohio State University 0 - University of Illinois 0 |
| TOP OF THE 2ND |
|
Ohio State University Buckeyes batting - Pitching for University of Illinois Fighting Illini : RHP Sergei Stefanov
|
|
Batting: LHB Ben Roth
|
0-0: Foul Ball, location: 2F 0-1: Fly out, F7 (Flyball, 78S, EV 93.1 MPH)
|
|
Batting: RHB Hugo Chavez
|
0-0: SINGLE (Line Drive, 5D, EV 100.0 MPH)
|
|
Batting: RHB Michihisa Tanaka
|
0-0: Called Strike 0-1: Grounds into double play, 5-4-3 (Groundball, 56, EV 91.2 MPH)
|
| Top of the 2nd over - 0 runs, 1 hit, 0 errors, 0 left on base; Ohio State University 0 - University of Illinois 0 |
| BOTTOM OF THE 2ND |
|
University of Illinois Fighting Illini batting - Pitching for Ohio State University Buckeyes : RHP Mike Stabb
|
|
Batting: LHB Alex Rivera
|
0-0: Foul Ball, location: 2F 0-1: Ball 1-1: Foul Ball, location: 2F 1-2: Ball 2-2: Ball 3-2: Strikes out swinging
|
|
Batting: RHB Cody Leonard
|
0-0: Ball 1-0: Called Strike 1-1: Foul Ball, location: 2F 1-2: Strikes out swinging
|
|
Batting: SHB Ernesto Mazas
|
0-0: Swinging Strike 0-1: Ball 1-1: Foul Ball, location: 2F 1-2: Ball 2-2: Ground out 4-3 (Groundball, 4, EV 91.9 MPH)
|
| Bottom of the 2nd over - 0 runs, 0 hits, 0 errors, 0 left on base; Ohio State University 0 - University of Illinois 0 |
| TOP OF THE 3RD |
|
Ohio State University Buckeyes batting - Pitching for University of Illinois Fighting Illini : RHP Sergei Stefanov
|
|
Batting: RHB Jeff Standridge
|
0-0: Called Strike 0-1: Foul Ball, location: 2F 0-2: Strikes out swinging
|
|
Batting: RHB John Britton
|
0-0: Foul Ball, location: 2F 0-1: Ball 1-1: Ground out 5-3 (Groundball, 56, EV 85.6 MPH)
|
|
Batting: RHB Dave Villarreal
|
0-0: Ball 1-0: Called Strike 1-1: Ball 2-1: Ball 3-1: SINGLE (Flyball, 89S, EV 90.6 MPH)
|
|
Batting: RHB Hikaru Nakata
|
0-0: Called Strike 0-1: Ball 1-1: Called Strike 1-2: Ball 2-2: Strikes out swinging
|
| Top of the 3rd over - 0 runs, 1 hit, 0 errors, 1 left on base; Ohio State University 0 - University of Illinois 0 |
| BOTTOM OF THE 3RD |
|
University of Illinois Fighting Illini batting - Pitching for Ohio State University Buckeyes : RHP Mike Stabb
|
|
Batting: RHB Fernando Acosta
|
0-0: Swinging Strike 0-1: Ball 1-1: Ball 2-1: Ball 3-1: Called Strike 3-2: SINGLE (Groundball, 56D, EV 106.9 MPH)
|
|
Batting: RHB Oscar Ramirez
|
0-0: Swinging Strike 0-1: Ball 1-1: Ball 2-1: SINGLE (Flyball, 8RS, EV 95.6 MPH) Fernando Acosta to second
|
|
Batting: LHB Clint Hanninen
|
0-0: Fly out, F8 (Line Drive, 89M, EV 89.4 MPH)
|
|
Batting: LHB Javy Rueda
|
0-0: Called Strike 0-1: Foul Ball, location: 2F 0-2: Strikes out looking
|
|
Batting: LHB Sergei Stefanov
|
0-0: Foul Ball, location: 2F 0-1: SINGLE (Line Drive, 34D, EV 100.0 MPH) Fernando Acosta to third Oscar Ramirez to second Runner from 3rd tries for Home, SAFE, throw by RF to home
|
|
Batting: LHB Bill Kovac
|
0-0: Called Strike 0-1: Ball 1-1: Ball 2-1: Foul Ball, location: 2F 2-2: Foul Ball, location: 2F 2-2: DOUBLE (Groundball, 5L, EV 99.4 MPH) Oscar Ramirez scores Sergei Stefanov to third Runner from 3rd tries for Home, SAFE, throw by LF to trailing runner, SAFE at third!
|
|
Batting: LHB Alex Rivera
|
0-0: Foul Ball, location: 2F 0-1: Foul Ball, location: 2F 0-2: Foul Ball, location: 2F 0-2: Foul Ball, location: 2F 0-2: Foul Ball, location: 2F 0-2: Ball 1-2: Ball 2-2: Ground out U3 (Groundball, 34, EV 100.6 MPH)
|
| Bottom of the 3rd over - 3 runs, 4 hits, 0 errors, 1 left on base; Ohio State University 0 - University of Illinois 3 |
| TOP OF THE 4TH |
|
Ohio State University Buckeyes batting - Pitching for University of Illinois Fighting Illini : RHP Sergei Stefanov
|
|
Batting: RHB Aaron Burnet
|
0-0: Ball 1-0: Ball 2-0: Foul Ball, location: 2F 2-1: Ground out 4-3 (Groundball, 4, EV 83.1 MPH)
|
|
Batting: SHB Ken Griffey IV
|
0-0: Called Strike 0-1: Called Strike 0-2: Foul Ball, location: 2F 0-2: Ball 1-2: Fly out, F5 (Popup, 25, EV 86.2 MPH)
|
|
Batting: LHB Ben Roth
|
0-0: Called Strike 0-1: Ball 1-1: Ball 2-1: Ball 3-1: Foul Ball, location: 2F 3-2: Strikes out swinging
|
| Top of the 4th over - 0 runs, 0 hits, 0 errors, 0 left on base; Ohio State University 0 - University of Illinois 3 |
| BOTTOM OF THE 4TH |
|
University of Illinois Fighting Illini batting - Pitching for Ohio State University Buckeyes : RHP Mike Stabb
|
|
Batting: RHB Cody Leonard
|
0-0: Ball 1-0: Ball 2-0: Swinging Strike 2-1: Ball 3-1: Ground out 3-1 (Groundball, 34, EV 80.6 MPH)
|
|
Batting: SHB Ernesto Mazas
|
0-0: Ball 1-0: Foul Ball, location: 2F 1-1: Ball 2-1: Called Strike 2-2: Foul Ball, location: 2F 2-2: Strikes out swinging
|
|
Batting: RHB Fernando Acosta
|
0-0: Ball 1-0: Foul Ball, location: 2F 1-1: Swinging Strike 1-2: Ball 2-2: Ball 3-2: Fly out, F9 (Flyball, 9, EV 91.9 MPH)
|
| Bottom of the 4th over - 0 runs, 0 hits, 0 errors, 0 left on base; Ohio State University 0 - University of Illinois 3 |
| TOP OF THE 5TH |
|
Ohio State University Buckeyes batting - Pitching for University of Illinois Fighting Illini : RHP Sergei Stefanov
|
|
Batting: RHB Hugo Chavez
|
0-0: Ball 1-0: Fly out, F8 (Flyball, 8LD, EV 96.9 MPH)
|
|
Batting: RHB Michihisa Tanaka
|
0-0: Ground out 6-3 (Groundball, 6, EV 76.9 MPH)
|
|
Batting: RHB Jeff Standridge
|
0-0: Ball 1-0: Ball 2-0: Swinging Strike 2-1: Ball 3-1: Foul Ball, location: 2F 3-2: Foul Ball, location: 2F 3-2: Strikes out swinging, 2-3 out at first.
|
| Top of the 5th over - 0 runs, 0 hits, 0 errors, 0 left on base; Ohio State University 0 - University of Illinois 3 |
| BOTTOM OF THE 5TH |
|
University of Illinois Fighting Illini batting - Pitching for Ohio State University Buckeyes : RHP Mike Stabb
|
|
Batting: RHB Oscar Ramirez
|
0-0: SINGLE (Groundball, 5S, EV 69.4 MPH) (infield hit)
|
|
Batting: LHB Clint Hanninen
|
0-0: Foul Ball, location: 2F 0-1: Ball 1-1: Foul Ball, location: 2F 1-2: Fly out, F7 (Flyball, 7, EV 80.0 MPH)
|
|
Pitching: RHP Colt Robinson
|
|
|
Batting: LHB Javy Rueda
|
0-0: Ball 1-0: Fly out, F9 (Flyball, 89XD, EV 100.6 MPH)
|
|
Batting: LHB Sergei Stefanov
|
0-0: Called Strike 0-1: Swinging Strike 0-2: Ball 1-2: Ball 2-2: Ball 3-2: Foul Ball, location: 2F 3-2: Base on Balls Oscar Ramirez to second
|
|
Batting: LHB Bill Kovac
|
0-0: Foul Ball, location: 2F 0-1: Ball 1-1: Called Strike 1-2: Ball Wild Pitch! Oscar Ramirez to third Sergei Stefanov to second 2-2: Ball 3-2: Ground out 6-3 (Groundball, 56, EV 83.1 MPH)
|
| Bottom of the 5th over - 0 runs, 1 hit, 0 errors, 2 left on base; Ohio State University 0 - University of Illinois 3 |
| TOP OF THE 6TH |
|
Ohio State University Buckeyes batting - Pitching for University of Illinois Fighting Illini : RHP Sergei Stefanov
|
|
Batting: RHB John Britton
|
0-0: Ball 1-0: Swinging Strike 1-1: Reached on error, E5 (Groundball, 56S, EV 91.2 MPH)
|
|
Batting: RHB Dave Villarreal
|
0-0: Ball 1-0: Called Strike 1-1: Foul Ball, location: 2F 1-2: Strikes out looking
|
|
Batting: RHB Hikaru Nakata
|
0-0: Ball 1-0: Called Strike 1-1: DOUBLE (Line Drive, 78XD, EV 103.1 MPH) John Britton to third
|
|
Batting: RHB Aaron Burnet
|
0-0: Ball 1-0: Ball 2-0: Ball 3-0: Swinging Strike 3-1: Fly out, F7 (Flyball, 7D, EV 90.6 MPH) Runner from 3rd tags up, SCORES, no throw by LF Hikaru Nakata to third
|
|
Batting: SHB Ken Griffey IV
|
0-0: Ball 1-0: Ball 2-0: Called Strike 2-1: Swinging Strike 2-2: Ball 3-2: Foul Ball, location: 2F 3-2: Strikes out looking
|
| Top of the 6th over - 1 run, 1 hit, 1 error, 1 left on base; Ohio State University 1 - University of Illinois 3 |
| BOTTOM OF THE 6TH |
|
University of Illinois Fighting Illini batting - Pitching for Ohio State University Buckeyes : RHP Colt Robinson
|
|
Batting: LHB Alex Rivera
|
0-0: Ground out 6-3 (Groundball, 56, EV 101.9 MPH)
|
|
Batting: RHB Cody Leonard
|
0-0: Ball 1-0: Ground out 6-3 (Groundball, 6, EV 107.5 MPH)
|
|
Batting: SHB Ernesto Mazas
|
0-0: Foul Ball, location: 2F 0-1: Foul Ball, location: 2F 0-2: Strikes out swinging
|
| Bottom of the 6th over - 0 runs, 0 hits, 0 errors, 0 left on base; Ohio State University 1 - University of Illinois 3 |
| TOP OF THE 7TH |
|
Ohio State University Buckeyes batting - Pitching for University of Illinois Fighting Illini : RHP Sergei Stefanov
|
|
Pitching: RHP Luis Stuit
|
|
|
Now at 1B: Clint Hanninen
|
|
|
Now at 3B: Dan Strickland
|
|
|
Now in LF: Cody Leonard
|
|
|
Now in RF: Fumito Sakurai
|
|
|
Batting: LHB Ben Roth
|
0-0: Called Strike 0-1: Foul Ball, location: 2F 0-2: Ball 1-2: Ball 2-2: Ball 3-2: Foul Ball, location: 2F 3-2: Ground out 4-3 (Groundball, 4, EV 83.8 MPH)
|
|
Batting: RHB Hugo Chavez
|
0-0: Swinging Strike 0-1: Ball 1-1: Called Strike 1-2: SINGLE (Line Drive, 6M, EV 98.1 MPH)
|
|
Batting: RHB Michihisa Tanaka
|
0-0: Ball 1-0: Ball 2-0: Foul Ball, location: 2F 2-1: Foul Ball, location: 2F 2-2: SINGLE (Groundball, 4M, EV 98.8 MPH) (infield hit) Hugo Chavez to second
|
|
Pinch Runner at 2nd Danny Schultz:
|
|
|
Pinch Hitting: LHB Ricardo Torres
|
0-0: Ball 1-0: Ball 2-0: Ball 3-0: Called Strike 3-1: Fly out, F8 (Flyball, 8RD, EV 95.6 MPH) Runner from 2nd tags up, SAFE at 3rd with throw by CF
|
|
Pinch Hitting: RHB Tony Vasquez
|
0-0: Foul Ball, location: 2F 0-1: Fielders Choice at 2nd, 6-4 (Groundball, 56, EV 97.5 MPH)
|
| Top of the 7th over - 0 runs, 2 hits, 0 errors, 2 left on base; Ohio State University 1 - University of Illinois 3 |
| BOTTOM OF THE 7TH |
|
University of Illinois Fighting Illini batting - Pitching for Ohio State University Buckeyes : RHP Colt Robinson
|
|
Pitching: RHP Zinedine Lahlafi
|
|
|
Now at 1B: Ricardo Torres
|
|
|
Now at 2B: Tony Vasquez
|
|
|
Now at SS: Mike Vaughan
|
|
|
Batting: RHB Fernando Acosta
|
0-0: Foul Ball, location: 2F 0-1: Swinging Strike 0-2: Foul Ball, location: 2F 0-2: Foul Ball, location: 2F 0-2: Foul Ball, location: 2F 0-2: Ball 1-2: Strikes out swinging
|
|
Batting: RHB Oscar Ramirez
|
0-0: Ground out 5-3 (Groundball, 5, EV 87.5 MPH)
|
|
Batting: LHB Clint Hanninen
|
0-0: Called Strike 0-1: Ball 1-1: Ground out 4-3 (Groundball, 4, EV 102.5 MPH)
|
| Bottom of the 7th over - 0 runs, 0 hits, 0 errors, 0 left on base; Ohio State University 1 - University of Illinois 3 |
| TOP OF THE 8TH |
|
Ohio State University Buckeyes batting - Pitching for University of Illinois Fighting Illini : RHP Luis Stuit
|
|
Pitching: LHP Antonio Sandoval
|
|
|
Batting: RHB Dave Villarreal
|
0-0: Called Strike 0-1: Ball 1-1: Foul Ball, location: 2F 1-2: Strikes out looking
|
|
Batting: RHB Hikaru Nakata
|
0-0: Called Strike 0-1: Ball 1-1: Swinging Strike 1-2: Ground out 6-3 (Groundball, 6M, EV 81.9 MPH)
|
|
Batting: RHB Aaron Burnet
|
0-0: Called Strike 0-1: Ground out 2-3 (Groundball, 15S, EV 61.9 MPH)
|
| Top of the 8th over - 0 runs, 0 hits, 0 errors, 0 left on base; Ohio State University 1 - University of Illinois 3 |
| BOTTOM OF THE 8TH |
|
University of Illinois Fighting Illini batting - Pitching for Ohio State University Buckeyes : RHP Zinedine Lahlafi
|
|
Batting: LHB Fumito Sakurai
|
0-0: Ball 1-0: Swinging Strike 1-1: Ball 2-1: Swinging Strike 2-2: Ball 3-2: Strikes out swinging
|
|
Batting: LHB Sergei Stefanov
|
0-0: Called Strike 0-1: Fly out, F8 (Flyball, 8LM, EV 88.8 MPH)
|
|
Pitching: LHP Neil McKibben
|
|
|
Batting: SHB Dan Strickland
|
0-0: Fly out, F7 (Line Drive, 78M, EV 93.1 MPH)
|
| Bottom of the 8th over - 0 runs, 0 hits, 0 errors, 0 left on base; Ohio State University 1 - University of Illinois 3 |
| TOP OF THE 9TH |
|
Ohio State University Buckeyes batting - Pitching for University of Illinois Fighting Illini : LHP Antonio Sandoval
|
|
Batting: SHB Ken Griffey IV
|
0-0: Ground out 4-3 (Groundball, 4M, EV 83.1 MPH)
|
|
Batting: LHB Ben Roth
|
0-0: SINGLE (Flyball, 78S, EV 92.5 MPH)
|
|
Batting: RHB Mike Vaughan
|
0-0: Ball 1-0: Swinging Strike 1-1: Foul Ball, location: 2F 1-2: Ball 2-2: Foul Ball, location: 2F 2-2: Grounds into double play, 5-4-3 (Groundball, 56S, EV 93.8 MPH)
|
| Top of the 9th over - 0 runs, 1 hit, 0 errors, 0 left on base; Ohio State University 1 - University of Illinois 3 |
|